 Dungeon Crawl Stone Soup version 0.26.0-10-g1f06aea511 (webtiles) character file.

Game seed: 7028884419569189309

697 trm the Conjurer (level 7, 19/46 HPs)
             Began as a Demonspawn Conjurer on Jan 21, 2021.
             Quit the game on level 4 of the Dungeon.
             The game lasted 00:06:19 (4497 turns).

trm the Conjurer (Demonspawn Conjurer)              Turns: 4497, Time: 00:06:20

Health: 19/46      AC:  2    Str:  7    XL:     7   Next: 37%
Magic:  0/14       EV: 12    Int: 22    God:
Gold:   159        SH:  0    Dex: 11    Spells: 13/16 levels left

rFire    . . .     SeeInvis .   k - +3 short sword (flame)
rCold    . . .     Faith    .   (no shield)
rNeg     . . .     Spirit   .   a - +0 robe
rPois    .         Reflect  .   (helmet restricted)
rElec    .         Harm     .   (no cloak)
rCorr    .         Rampage  .   (no gloves)
Will     .....                  (no boots)
Stlth    +.........             (no amulet)
HPRegen  0.15/turn              (no ring)
MPRegen  0.14/turn              (no ring)

@: no status effects
A: antennae 2, hooves 1, powered by pain 1
a: no special abilities


You were on level 4 of the Dungeon.
You visited 1 branch of the dungeon, and saw 4 of its levels.

You collected 159 gold pieces.

Inventory:

Hand Weapons
 k - a +3 short sword of flaming (weapon)
 r - a +2 short sword of speed
 s - a +1 antimagic dagger
Missiles
 p - 117 stones
Armour
 a - a +0 robe (worn)
Magical Staves
 t - a cursed staff of cold {unknown}
Wands
 l - a wand of digging (7)
Scrolls
 b - a scroll of random uselessness {unknown}
 e - 2 scrolls of noise {unknown}
 f - 4 scrolls of identify {unknown}
 g - 6 scrolls of remove curse {unknown}
 h - 2 scrolls of enchant armour {unknown}
 i - a scroll of teleportation {unknown}
 j - a scroll of fog {unknown}
 n - a scroll of blinking {unknown}
 o - a scroll of amnesia {unknown}
 q - a scroll of fear {unknown}
Potions
 c - a potion of degeneration {unknown}
 d - a potion of might {unknown}
 m - 2 potions of attraction {unknown}


   Skills:
 - Level 1.7 Dodging
 - Level 1.7 Stealth
 - Level 5.0 Spellcasting
 + Level 7.6 Conjurations


You had 13 spell levels left.
You knew the following spells:

 Your Spells              Type           Power        Failure   Level
a - Magic Dart            Conj           100%         1%          1
b - Searing Ray           Conj           76%          1%          2

Your spell library contained the following spells:

 Spells                   Type           Power        Failure   Level
 Dazzling Flash           Conj/Hex       44%          6%          3
 Fulminant Prism          Conj/Hex       11%          22%         4
 Iskenderun's Mystic Bla  Conj/Tloc      22%          22%         4


Dungeon Overview and Level Annotations

Branches:
Dungeon (4/15)
 Temple: D:4-7

Altars:
Ru


Innate Abilities, Weirdness & Mutations

You have a pair of antennae on your head.
You have large cloven feet.
You sometimes gain a little power by taking damage.


Message History

Pikel freezes you.
You hit Pikel. You burn Pikel.
You kill Pikel!
With Pikel's spell broken, his former minions thank you for their freedom.
The lemure departs this earthly plane. x2
Training target 5.0 for Spellcasting reached!
Your Spellcasting skill increases to level 5!
Your Conjurations skill gained 2 levels and is now at level 7!
You have reached level 6!
Your experience leads to an increase in your attributes!
Increase (S)trength, (I)ntelligence, or (D)exterity?
You feel clever.
Your demonic ancestry asserts itself...
The antennae on your head grow some more.
You have reached level 7!
Your demonic ancestry asserts itself...
Your feet thicken and deform.
Unknown command.
Things that are here:
a +0 whip of freezing; a +0 robe Are you sure you want to abandon this character and quit the game? (Confirm with "yes".)

#.#.....# #.#.#.#.# ####
#.#)#.#.#
##...###...#.#.##########
.........................
...#.....#...###.........
..........<.....5........
#....###.#####.#.........
#.##.
#..@ยงยง..#......... # #
########......5...
#.......... #.....5....
#.......... #..........
#.......... #..........


There were no monsters in sight!

Vanquished Creatures
  Pikel (D:4)
  2 lemures (D:4)
  Natasha (thrice) (D:2)
  4 adders
  An ooze (D:1)
  2 worms
  4 leopard geckos
  6 orcs (D:3)
  3 giant cockroaches
  9 goblins
  11 hobgoblins
  2 jackals (D:4)
  12 kobolds
  3 quokkas (D:3)
  3 ball pythons
  9 bats
  4 frilled lizards
  8 rats
87 creatures vanquished.

Notes
Turn   | Place    | Note
-------+----------+-------------------------------------------
     0 | D:1      | trm the Demonspawn Conjurer began the quest for the Orb.
     0 | D:1      | Reached XP level 1. HP: 13/13 MP: 3/3
   131 | D:1      | Gained mutation: You sometimes gain a little power by
                  | taking damage. [demonic ancestry]
   131 | D:1      | Reached XP level 2. HP: 19/19 MP: 0/5
   335 | D:1      | Learned a level 2 spell: Searing Ray
  1092 | D:1      | Reached XP level 3. HP: 24/24 MP: 4/7
  2068 | D:2      | Gained mutation: You have a pair of small antennae on your
                  | head. [demonic ancestry]
  2068 | D:2      | Reached XP level 4. HP: 30/30 MP: 1/8
  2171 | D:2      | Noticed Natasha
  2286 | D:2      | Killed Natasha
  2287 | D:2      | Reached skill level 5 in Conjurations
  2293 | D:2      | Noticed Natasha
  2299 | D:2      | Killed Natasha
  2719 | D:2      | Noticed Natasha
  2723 | D:2      | Killed Natasha
  2724 | D:2      | Reached XP level 5. HP: 35/35 MP: 4/10
  3550 | D:3      | Found a faded altar of an unknown god.
  3861 | D:3      | Found a sacrificial altar of Ru.
  4471 | D:4      | Noticed a lemure
  4472 | D:4      | Noticed Pikel
  4472 | D:4      | Noticed a lemure
  4472 | D:4      | Noticed a lemure
  4473 | D:4      | Noticed a lemure
  4487 | D:4      | Killed a lemure
  4489 | D:4      | Killed a lemure
  4495 | D:4      | Killed Pikel
  4496 | D:4      | Reached skill level 5 in Spellcasting
  4496 | D:4      | Reached skill level 7 in Conjurations
  4496 | D:4      | Gained mutation: You have a pair of antennae on your head.
                  | [demonic ancestry]
  4496 | D:4      | Reached XP level 6. HP: 17/41 MP: 0/13
  4496 | D:4      | Gained mutation: You have large cloven feet. [demonic
                  | ancestry]
  4496 | D:4      | Reached XP level 7. HP: 19/46 MP: 0/14
  4497 | D:4      | Quit the game

Illustrated notes

Levels and vault maps discovered:
D:1:      dpeg_arrival_tiny_k, layout_rooms
D:2:      layout_loops_ring, uniq_natasha
D:3:      layout_basic, chequers_ecumenical_altar_twisty, serial_bayou_pond_c,
          nicolae_ru_the_path_less_chosen
D:4:      layout_basic, minmay_puff, uniq_robin, uniq_ijyb, uniq_pikel

Skill      XL: |  1  2  3  4  5 |
---------------+----------------+-----
Spellcasting   | 3 5 |  5.0
Conjurations   | 5 7 |  7.6
Dodging        | |  1.7
Stealth        | |  1.7

Action                   |  1- 3 |  4- 6 |  7- 9 || total
-------------------------+-------+-------+-------++-------
Melee: Unarmed           |     1 |       |       ||     1
       Dagger            |     5 |       |       ||     5
       Short sword       |     2 |     6 |       ||     8
 Cast: Magic Dart        |    19 |       |       ||    19
       Searing Ray       |    31 |    35 |       ||    66
Armor: Robe              |     2 |       |       ||     2
Dodge: Dodged            |    11 |    18 |       ||    29
